 Dungeon Crawl Stone Soup version 0.26-a0-264-g3a471323bd (webtiles) character file.

Game seed: 12027619976923303016

102 BritishOli the Skirmisher (level 4, 0/37 HPs)
             Began as a Demonspawn Fighter on July 11, 2020.
             Slain by Crazy Yiuf
             ... wielding a +2 quarterstaff of chaos
              (10 damage)
             ... on level 5 of the Dungeon.
             The game lasted 00:01:59 (2183 turns).

BritishOli the Skirmisher (Demonspawn Fighter)      Turns: 2183, Time: 00:01:59

Health: 0/37       AC:  6    Str: 17    XL:     4   Next: 50%
Magic:  0/4        EV:  6    Int:  9    God:
Gold:   87         SH:  8    Dex: 13    Spells: 3/3 levels left

rFire    . . .     SeeInvis .   a - +0 long sword
rCold    . . .     Faith    .   c - +0 kite shield
rNeg     . . .     Spirit   +   b - +0 scale mail
rPois    .         Reflect  .   (no helmet)
rElec    .         Harm     .   (no cloak)
rCorr    .                      (no gloves)
MR       .....                  (no boots)
Stlth    ..........             r - amulet of guardian spirit
HPRegen  0.12/turn              (no ring)
MPRegen  0.09/turn              (no ring)

@: drained
A: spiny 1
a: no special abilities


You were on level 5 of the Dungeon.
You were not hungry.

You visited 1 branch of the dungeon, and saw 4 of its levels.

You collected 87 gold pieces.

Inventory:

Hand Weapons
 a - a +0 long sword (weapon)
 s - the +6 mace of Jeuhak {drain, +Rage MP+9 Str+3, unknown}
   (You found it on level 5 of the Dungeon)

   A truly terrible weapon, it drains the life of those it strikes.
   It affects your strength (+3).
   It affects your magic capacity (+9).
   It lets you go berserk.
Missiles
 p - 3 javelins (quivered)
Armour
 b - a +0 scale mail (worn)
 c - a +0 kite shield (worn)
Jewellery
 r - an amulet of guardian spirit (around neck)
Scrolls
 g - 2 scrolls of amnesia
 i - a scroll of identify
 j - a scroll of fog {unknown}
 k - a scroll of enchant weapon
 l - a scroll of remove curse
 m - 4 scrolls of teleportation
 q - 2 scrolls of fear {unknown}
 u - a scroll of random uselessness {unknown}
Potions
 d - a potion of might
 e - 3 potions of lignification
 h - 3 potions of curing
 n - a potion of haste {unknown}
 o - a potion of stabbing {unknown}
 t - a potion of ambrosia {unknown}
Comestibles
 f - 7 rations


   Skills:
 + Level 3.7(2.8) Fighting
 + Level 2.6(1.7) Long Blades
 + Level 3.3(2.4) Armour
 + Level 3.3(2.4) Shields


You had 3 spell levels left.
You didn't know any spells.
Your spell library was empty.

Dungeon Overview and Level Annotations

Branches:
Dungeon (3/15)

Altars:
Cheibriados
Gozag
Vehumet

Annotations:
D:5 Crazy Yiuf


Innate Abilities, Weirdness & Mutations

You are partially covered in sharp spines.


Message History

s - a crystal mace You hear the hiss of a very distant avalanche of sand.
You open the door. You hit Crazy Yiuf.
Crazy Yiuf is lightly wounded.
Crazy Yiuf hits you with a +2 quarterstaff of chaos.
Space warps horribly around you!!
Your shield and scale mail prevent you from hitting Crazy Yiuf.
Crazy Yiuf is lightly wounded.
Crazy Yiuf laughs, "Flower!
Sif Muna aubergine dark."
Crazy Yiuf hits you with a +2 quarterstaff of chaos.
You block Crazy Yiuf's attack.
You hit Crazy Yiuf but do no damage.
Crazy Yiuf is lightly wounded.
Crazy Yiuf hits you with a +2 quarterstaff of chaos!
* * * LOW HITPOINT WARNING * * *
Your shield prevents you from hitting Crazy Yiuf.
Crazy Yiuf is lightly wounded.
Crazy Yiuf hits you with a +2 quarterstaff of chaos!
You die...

..... ###......#
#### #.......
#.....##. #####
......#### #)..#
......## #...#
##.....# # ...
###...# ## #g#
##...###. ♣@♣♣
##...... ♣♣.♣
##.>##... ♣.♣♣
....#.... ♣♣.♣
#........ ♣♣.♣♣
#...###.. ♣♣...♣
##..# #.. ♣PP.)♣
##...## #.#
##..## #..#..#
#.#
##..).####.##..#
#.#


You could see Crazy Yiuf.

Vanquished Creatures
  3 adders
  2 oozes (D:1)
  3 worms
  2 dart slugs
  2 leopard geckos
  An orc (D:5)
  A giant cockroach (D:3)
  4 hobgoblins
  4 jackals (D:1)
  5 kobolds
  9 bats
  5 frilled lizards
  9 goblins
  7 rats
57 creatures vanquished.

Notes
Turn   | Place    | Note
-------+----------+-------------------------------------------
     0 | D:1      | BritishOli the Demonspawn Fighter began the quest for the
                  | Orb.
     0 | D:1      | Reached XP level 1. HP: 18/18 MP: 1/1
    73 | D:1      | Gained mutation: You are partially covered in sharp spines.
                  | [demonic ancestry]
    73 | D:1      | Reached XP level 2. HP: 19/24 MP: 2/2
   363 | D:1      | Reached XP level 3. HP: 26/29 MP: 3/3
   690 | D:2      | Found an opulent altar of Gozag.
   851 | D:2      | Found a snail-covered altar of Cheibriados.
  1270 | D:2      | Reached XP level 4. HP: 34/36 MP: 4/4
  1816 | D:3      | Found a radiant altar of Vehumet.
  2030 | D:3      | You fall into a shaft and drop 2 floors!
  2030 | D:5      | Entered Level 5 of the Dungeon
  2152 | D:5      | Found a runed translucent door.
  2153 | D:5      | Noticed Crazy Yiuf
  2170 | D:5      | Got a crystal mace
  2183 | D:5      | Slain by Crazy Yiuf

Illustrated notes

Levels and vault maps discovered:
D:1:      onia_arrival_handbag, layout_rooms, minmay_pentomino_q4
D:2:      layout_loops_ring, kennysheep_slug_shrine, minmay_misc_feat_enclosed,
          kennysheep_another_room, nicolae_gozag_seed_capital
D:3:      layout_loops_cross, fiery_altar_vehumet, gammafunk_ghost_necromancy
D:5:      layout_layer_cave, makhleb_blood_cavern_becter,
          nicolae_overflow_hidden_temple, minmay_temple_entry_large_hall,
          chequers_ossuary_entry_cave, first_ration, nemelex_dance_club_becter,
          uniq_eustachio, uniq_duvessa, uniq_crazy_yiuf_cottage

Skill      XL: |  1  2 |
---------------+-------+-----
Long Blades    | 2 |  2.6
Shields        | 3 |  3.3
Armour         | 3 |  3.3
Fighting       | |  3.7

Action                   |  1- 3 |  4- 6 || total
-------------------------+-------+-------++-------
Melee: Long sword        |   103 |    41 ||   144
  Use: Scroll            |       |     7 ||     7
  Eat: Ration            |     1 |       ||     1
Armor: Scale mail        |    43 |     6 ||    49
Dodge: Dodged            |    27 |     9 ||    36
Block: Kite shield       |    51 |    23 ||    74
       Rpst.: Long sword |     7 |     2 ||     9

Table legend:
 A = Non-vault XP
 B = Vault XP
 C = Vault XP percentage of total XP
 D = Non-vault monster count
 E = Vault monster count
 F = Vault count percentage of total count
                 A         B        C        D         E       F
            +---------+---------+-------+---------+---------+-------
      Total |     123 |      24 |  16.3 |      49 |       8 |  14.0
            +---------+---------+-------+---------+---------+-------
        D:1 |      37 |      20 |  35.1 |      22 |       7 |  24.1
        D:2 |      50 |       4 |   7.4 |      17 |       1 |   5.6
        D:3 |      20 |       0 |   0.0 |       8 |       0 |   0.0
        D:5 |      16 |       0 |   0.0 |       2 |       0 |   0.0
            +---------+---------+-------+---------+---------+-------
